 Dungeon Crawl Stone Soup version 0.15-a0-1174-g8389a64 (webtiles) character file.

3834 PolkaDot the Jinx (level 9, -6/57 HPs)
             Began as a Vampire Enchanter on May 31, 2014.
             Was a Follower of Ashenzari.
             Mangled by an ogre
             ... wielding a +0,+0 giant club
              (30 damage)
             ... on Level 8 of the Dungeon.
             The game lasted 00:49:16 (9248 turns).

PolkaDot the Jinx (Vampire Enchanter)               Turns: 9248, Time: 00:49:16

HP  -6/57        AC  4     Str  8      XL: 9   Next: 98%
MP  10/14        EV 13     Int 18      God: Ashenzari [*.....]
Gold 462         SH  0     Dex 15      Spells:  5 memorised,  0 levels left

rFire  + . .     SeeInvis +     b - +2 cutlass (flame)
rCold  + + .     Clarity  .     k - +1 robe
rNeg   + + +     rCorr    .     (no shield)
rPois  +         rRot     +     s - +0 helmet
rElec  .         Spirit   .     (no cloak)
SustAb .         Warding  .     (no gloves)
rMut   +         Stasis   .     (no boots)
Gourm  .                        e - cursed amulet of resist mutation
MR     .....                    y - cursed +1 ring of evasion
                                i - cursed ring of protection from fire

@: regenerating slowly, not resistant to hostile enchantments, very stealthy
A: bottle blood, fangs 3, see invisible, unbreathing
a: Bat Form, Bottle Blood, Renounce Religion


You were on level 8 of the Dungeon.
You worshipped Ashenzari.
Ashenzari was aware of your devotion.
You were near bloodless.

You visited 2 branches of the dungeon, and saw 9 of its levels.

You collected 486 gold pieces.
You spent 24 gold pieces at shops.

Inventory:

Hand weapons
 b - a +2,+2 cutlass of flaming (weapon)
Armour
 k - a +1 robe (worn)
 s - a +0 helmet (worn)
Magical devices
 f - a wand of polymorph (4)
 v - a wand of teleportation (9)
 z - a wand of frost (8)
 A - a wand of digging (16)
 C - a wand of polymorph (12)
 E - a wand of cold (11)
 G - a wand of lightning (2)
 H - a wand of flame (10)
 J - a wand of digging (20)
Scrolls
 d - 3 scrolls of teleportation
 h - 2 scrolls of immolation
 j - 3 scrolls of amnesia
 l - a scroll of identify
 m - 4 scrolls of recharging
 p - a scroll of noise {unknown}
 q - a scroll of fog
 t - a scroll of magic mapping {unknown}
 w - 2 scrolls of enchant weapon I
 x - a scroll of blinking
 D - a scroll of fear {unknown}
 F - a scroll of remove curse
Jewellery
 e - a cursed amulet of resist mutation (around neck)
 i - a cursed ring of protection from fire (left hand)
 y - a cursed +1 ring of evasion (right hand)
Potions
 a - 2 potions of lignification
 n - 2 potions of restore abilities
 o - a potion of heal wounds
 u - a potion of resistance
 B - 2 potions of curing
 I - a potion of flight
Books
 c - a book of Maledictions

   Spells                             Type                      Level
   *Corona                            Hexes                        1
   *Sure Blade                        Hexes/Charms                 2
   *Ensorcelled Hibernation           Hexes/Ice                    2
   *Confuse                           Hexes                        3
   Dazzling Spray                     Conjuration/Hexes            3
   *Enslavement                       Hexes                        4
 g - a book of Beasts

   Spells                             Type                      Level
   Summon Butterflies                 Summoning                    1
   Call Canine Familiar               Summoning                    3
   Summon Ice Beast                   Ice/Summoning                4
   Summon Mana Viper                  Hexes/Summoning              5
   Monstrous Menagerie                Summoning                    6
   Summon Hydra                       Summoning                    7
 r - a book of Alchemy

   Spells                             Type                      Level
   Sublimation of Blood               Necromancy                   2
   Alistair's Intoxication            Transmutation/Poison         4
   Condensation Shield                Ice                          4
   Petrify                            Transmutation/Earth          4
   Ignite Poison                      Fire/Transmutation           5


   Skills:
 - Level 6.9 Short Blades
 - Level 2.1 Dodging
 + Level 12.0 Stealth
 - Level 2.0 Spellcasting
 * Level 14.6 Hexes
 + Level 1.2 Charms


You couldn't memorise any spells.
You knew the following spells:

 Your Spells              Type           Power        Failure   Level  Hunger
a - Corona                Hex            ######.      1%          1    #......
b - Sure Blade            Hex/Chrm       ####......   1%          2    ##.....
c - Confuse               Hex            ######..     1%          3    ####...
d - Ensorcelled Hibernat  Hex/Ice        ####..       1%          2    ##.....
e - Enslavement           Hex            ######..     1%          4    #####..


Dungeon Overview and Level Annotations

Branches:
Dungeon (8/15)             Temple (1/1) D:5
   Lair: D:8-11

Altars:
Ashenzari
Cheibriados
Dithmenos
Elyvilon
Fedhas
Gozag
Kikubaaqudgha
Nemelex Xobeh
Okawaru
Qazlal
Sif Muna
Trog
Vehumet
Xom
Yredelemnul
Zin
The Shining One

Shops:
D:5 ?


Innate Abilities, Weirdness & Mutations

You heal slowly.
You can bottle blood from corpses.
You have razor-sharp teeth.*
You have supernaturally acute eyesight.
You can survive without breathing.*


Message History

An ogre comes into view. It is wielding a giant club.
You see here 27 stones.
An ogre is nearby!
The ogre shouts!
Casting: Ensorcelled Hibernation
Confirm with . or Enter, or press ? or * to list all spells.
Aiming: Ensorcelled Hibernation
Press: ? - help, Shift-Dir - straight line, f - ogre
Aim: an ogre, wielding a giant club The ogre resists with significant effort.
The ogre hits you with a giant club!
Casting: Ensorcelled Hibernation
Confirm with . or Enter, or press ? or * to list all spells.
Aiming: Ensorcelled Hibernation
Press: ? - help, Shift-Dir - straight line, f/p - ogre
Aim: an ogre, wielding a giant club The ogre resists with significant effort.
The ogre hits you with a giant club!!
Ouch! That really hurt!
You die...

### ... #.#
### #O# ...
#@# .. #.#
#.## #.# #..#
#.# #.## #.#
####..#####.#
#.........(.#
#..##..######
###..#..###.##


You could see an ogre.

Vanquished Creatures
  Erolcha (D:8)
  A steam dragon (D:8)
  Grum (D:8)
  2 hungry ghosts (D:8)
  2 wolves (D:8)
  5 ogres
  3 orc warriors
  2 ice beasts
  A yellow wasp (D:7)
  A centaur (D:5)
  Blork the orc (D:7)
  2 giant frogs (D:8)
  8 killer bees (D:8)
  3 scorpions
  A hippogriff skeleton (D:5)
  4 crimson imps
  2 hounds
  A jelly (D:7)
  A centaur skeleton (D:7)
  2 orc priests
  A quasit (D:7)
  Natasha (D:6)
  A gnoll shaman (D:4)
  4 orc wizards
  A worker ant (D:4)
  An ogre zombie (D:8)
  A hound skeleton (D:4)
  A mummy (D:8)
  8 gnolls
  11 adders
  A big fish zombie (D:5)
  2 giant mites
  2 shadow imps
  2 worms
  2 orc zombies
  2 orc skeletons
  An adder zombie (D:6)
  An iguana skeleton (D:4)
  4 giant geckos
  An ooze (D:4)
  11 orcs
  4 bat zombies (D:5)
  3 giant cockroaches
  10 hobgoblins
  2 jackals (D:4)
  6 quokkas
  3 ball pythons (D:3)
  7 bats
  A giant gecko zombie (D:8)
  3 giant newts
  15 goblins
  15 kobolds
  A kobold skeleton (D:4)
  15 rats
  A rat skeleton (D:5)
  A rat zombie (D:5)
  A plant (D:3)
191 creatures vanquished.

Vanquished Creatures (collateral kills)
  2 killer bees (D:8)
  2 orc priests
  3 orcs
  A bat (D:8)
  A goblin (D:7)
9 creatures vanquished.

Vanquished Creatures (others)
  A giant spore (D:8)
1 creature vanquished.

Grand Total: 201 creatures vanquished

Notes
Turn   | Place    | Note
--------------------------------------------------------------
     0 | D:1      | PolkaDot, the Vampire Enchanter, began the quest for the Orb.
     0 | D:1      | Reached XP level 1. HP: 13/13 MP: 3/3
     0 | D:1      | Noticed a centaur
     1 | D:1      | Noticed a gargoyle
     3 | D:1      | Noticed a draconian
     3 | D:1      | Noticed a gargoyle
     5 | D:1      | Noticed a vampire
     6 | D:1      | Noticed a formicid
     7 | D:1      | Noticed a troll
     8 | D:1      | Noticed a draconian
    10 | D:1      | Noticed an octopode
    12 | D:1      | Noticed a draconian
    14 | D:1      | Noticed a human
    14 | D:1      | Noticed an ogre
    16 | D:1      | Noticed a vine stalker
    16 | D:1      | Noticed a dwarf
    18 | D:1      | Noticed a draconian
    19 | D:1      | Noticed a centaur
   361 | D:1      | Reached XP level 2. HP: 16/19 MP: 2/4
   488 | D:1      | Reached skill level 5 in Hexes
   839 | D:2      | Reached XP level 3. HP: 24/24 MP: 4/6
   917 | D:2      | Learned a level 2 spell: Ensorcelled Hibernation
   922 | D:2      | Learned a level 3 spell: Confuse
  1651 | D:2      | Reached skill level 5 in Stealth
  1816 | D:3      | Reached XP level 4. HP: 28/30 MP: 4/7
  2034 | D:3      | Reached skill level 6 in Hexes
  2852 | D:4      | Reached XP level 5. HP: 30/35 MP: 3/9
  2941 | D:4      | Reached skill level 7 in Hexes
  2981 | D:4      | Noticed a phantom
  3335 | D:4      | Noticed a phantom
  3620 | D:4      | Reached skill level 8 in Hexes
  3620 | D:4      | Reached XP level 6. HP: 32/41 MP: 3/10
  3994 | D:5      | Entered Level 5 of the Dungeon
  4196 | D:4      | Noticed an ogre
  4202 | D:4      | Killed an ogre
  4202 | D:4      | Reached skill level 9 in Hexes
  4499 | D:5      | Reached XP level 7. HP: 46/46 MP: 2/12
  4824 | D:5      | Found Truomudgh's Magic Scroll Shoppe.
  4833 | D:5      | Bought a scroll of identify for 24 gold pieces
  5086 | D:5      | Reached skill level 10 in Hexes
  5675 | D:5      | Found an ancient bone altar of Kikubaaqudgha.
  5943 | D:5      | Found a staircase to the Ecumenical Temple.
  5953 | Temple   | Entered the Ecumenical Temple
  6026 | Temple   | Became a worshipper of Ashenzari the Shackled
  6292 | D:6      | Reached XP level 8. HP: 52/52 MP: 10/13
  6519 | D:6      | Reached skill level 11 in Hexes
  6565 | D:6      | Learned a level 4 spell: Enslavement
  6691 | D:6      | Noticed Natasha
  6704 | D:6      | Killed Natasha
  7080 | D:7      | Found a shimmering altar of Xom.
  7385 | D:7      | Reached skill level 12 in Hexes
  7615 | D:7      | Reached skill level 10 in Stealth
  7679 | D:7      | Found a radiant altar of Vehumet.
  7795 | D:7      | Found a bloodstained altar of Trog.
  7801 | D:7      | Noticed Blork the orc
  7814 | D:7      | Killed Blork the orc
  7814 | D:7      | Reached skill level 5 in Short Blades
  8140 | D:8      | Reached XP level 9. HP: 40/57 MP: 1/14
  8344 | D:8      | Noticed Grum
  8363 | D:8      | Killed Grum
  8363 | D:8      | Reached skill level 13 in Hexes
  8852 | D:8      | Noticed Erolcha
  8860 | D:8      | Killed Erolcha
  8860 | D:8      | Reached skill level 14 in Hexes
  8866 | D:8      | Learned a level 2 spell: Sure Blade
  9055 | D:8      | Reached skill level 1 in Charms
  9183 | D:8      | Found a stormy altar of Qazlal.
  9248 | D:8      | Mangled by an ogre

Action                   |  1- 3 |  4- 6 |  7- 9 || total
-------------------------+-------+-------+-------++-------
Melee: Dagger            |    95 |   244 |   158 ||   497
       Cutlass           |       |       |   106 ||   106
 Cast: Corona            |     7 |     1 |       ||     8
       Ensorcelled Hiber |    15 |    53 |    65 ||   133
       Confuse           |       |     6 |    20 ||    26
       Enslavement       |       |       |    11 ||    11
       Sure Blade        |       |       |     2 ||     2
Evoke: Wand              |       |       |     5 ||     5
  Use: Potion            |     1 |    10 |     1 ||    12
       Scroll            |       |     7 |    12 ||    19
 Stab: Sleeping          |    21 |    29 |    62 ||   112
       Confused          |       |     2 |    12 ||    14
       Distracted        |       |       |     1 ||     1
       Betrayed ally     |       |       |     1 ||     1
